 Dungeon Crawl Stone Soup version 0.28.0-53-g5a82cb258f (webtiles) character file.

Game seed: 7488055894244572394

29 H0rd4k the Charlatan (level 3, 0/26 HPs)
             Began as a Human Artificer on June 24, 2022.
             Slain by a kobold
             ... wielding a +0 short sword
              (3 damage)
             ... on level 3 of the Dungeon.
             The game lasted 00:03:51 (2534 turns).

H0rd4k the Charlatan (Human Artificer)              Turns: 2534, Time: 00:03:51

Health: 0/26       AC:  5    Str: 12    XL:     3   Next: 32%
Magic:  3/3        EV: 11    Int: 13    God:
Gold:   157        SH:  0    Dex: 13    Spells: 2/2 levels left

rFire   . . .      SeeInvis .   a - +0 club
rCold   . . .      Faith    .   (no shield)
rNeg    . . .      Spirit   .   h - +2 leather armour {rPois}
rPois   +          Reflect  .   (no helmet)
rElec   .          Harm     .   (no cloak)
rCorr   .          Rampage  .   (no gloves)
Will    .....                   (no boots)
Stlth   +.........              (no amulet)
HPRegen 0.08/turn               (no ring)
MPRegen 0.08/turn               (no ring)

@: no status effects
A: no striking features
a: no special abilities


You were on level 3 of the Dungeon.
You visited 1 branch of the dungeon, and saw 3 of its levels.

You collected 157 gold pieces.

Inventory:

Hand Weapons
 a - a +0 club (weapon)
Armour
 h - a +2 leather armour of poison resistance (worn)
Wands
 c - a wand of flame (14) (quivered)
 d - a wand of charming (15)
Scrolls
 b - a scroll of blinking {unknown}
 j - a scroll of brand weapon {unknown}
 l - a scroll of summoning {unknown}
 m - a scroll of identify {unknown}
 n - a scroll of silence {unknown}
Potions
 f - a potion of lignification {unknown}
 g - 2 potions of mutation {unknown}
 i - a potion of curing {unknown}
 k - 2 potions of attraction {unknown}
Miscellaneous
 e - a piece from Xom's chessboard (15/15)


   Skills:
 + Level 1.0 Fighting
 + Level 1.3 Maces & Flails
 - Level 2.0 Armour
 + Level 1.2 Dodging
 - Level 1.0 Stealth
 + Level 3.7 Evocations


You had 2 spell levels left.
You didn't know any spells.
Your spell library was empty.

Dungeon Overview and Level Annotations

Branches:
Dungeon (3/15)

Altars:


Message History

g - 2 smoky blue potions (gained 1) HP restored.
There is a stone staircase leading down here.
Found 30 stones.
You now have 157 gold pieces (gained 15).
A kobold comes into view. It is wielding a +0 short sword.
Found a sedimented golden potion.
A kobold is nearby!
Found 18 gold pieces.
The kobold shouts!
You barely miss the kobold. The kobold misses you.
You hit the kobold but do no damage.
The kobold hits you with a +0 short sword.
You hit the kobold but do no damage. The kobold barely misses you. x2
You closely miss the kobold. The kobold closely misses you.
You barely miss the kobold.
The kobold hits you with a +0 short sword.
You closely miss the kobold. The kobold hits you but does no damage.
You hit the kobold.
The kobold is moderately wounded.
The kobold hits you with a +0 short sword. x2
You closely miss the kobold.
The kobold is moderately wounded.
The kobold hits you with a +0 short sword.
You hit the kobold but do no damage.
The kobold is moderately wounded.
The kobold hits you with a +0 short sword.
* * * LOW HITPOINT WARNING * * *
You miss the kobold.
The kobold is moderately wounded.
The kobold hits you with a +0 short sword.
* * * LOW HITPOINT WARNING * * *
The kobold closely misses you.
Aiming: Throw Flame
Press: ? - help, Shift-Dir - straight line, f - kobold
Aim: a kobold, wielding a +0 short sword (moderately wounded, 64% to hit)
The puff of flame hits the kobold.
The kobold is severely wounded.
The kobold hits you with a +0 short sword.
You die...

.................^
#....................
##..................†.
.$...................
#####...................
........................
................>.......
.......K................
.......@................
.....#....#...####......
......##....#.# #####..
.......(...##.# ..
..........!##.. ..
........##......
........ ........
.......# ####.!###


You could see a kobold.

Vanquished Creatures
  4 bats
  5 endoplasms
  2 giant cockroaches
  A hobgoblin (D:1)
  4 jackals (D:2)
  A kobold (D:1)
  A quokka (D:2)
  4 ball pythons
  2 frilled lizards
  2 rats (D:2)
26 creatures vanquished.

Vanquished Creatures (others)
  4 withered plants (D:2)
4 creatures vanquished.

Grand Total: 30 creatures vanquished

Notes
Turn   | Place    | Note
-------+----------+-------------------------------------------
     0 | D:1      | H0rd4k the Human Artificer began the quest for the Orb.
     0 | D:1      | Reached XP level 1. HP: 15/15 MP: 1/1
   819 | D:1      | Reached XP level 2. HP: 18/21 MP: 2/2
  1638 | D:2      | Reached skill level 1 in Maces & Flails
  1790 | D:2      | Reached XP level 3. HP: 19/26 MP: 3/3
  2199 | D:2      | Found a faded altar of an unknown god.
  2534 | D:3      | Slain by a kobold

Illustrated notes

Levels and vault maps discovered:
D:1:      dpeg_arrival_leaves_temple_mockup, layout_basic,
          serial_co_window_serial, co_window_of_opportunity_a,
          co_window_paths_b, co_window_of_opportunity_a, co_window_corner_a,
          co_window_corner_a, co_window_paths_c, co_window_broadway_a,
          co_window_2corner, co_window_of_opportunity_b, co_window_corner_b,
          glass_columns_a, glass_columns_b
D:2:      layout_rooms, shapermc_ecumenical_altar_flowoftime
D:3:      layout_rooms, due_unseen_surprise

Skill      XL: |  1  2 |
---------------+-------+-----
Maces & Flails | 1 |  1.3
Fighting       | |  1.0
Armour         | |  2.0
Dodging        | |  1.2
Stealth        | |  1.0
Evocations     | |  3.7

Action                   || total
-------------------------++-------
Melee: Club              ||   154
       Punch             ||     4
Evoke: Wand              ||     1
 Stab: Sleeping          ||     1
Armor: Leather armour    ||    80
Dodge: Dodged            ||   116
